[Event "Late-Titled-Tuesday-Blitz-February-20-2024"]
[Site "Chess.com"]
[Date "2024.02.20"]
[Round "3"]
[White "MaestroCheck"]
[Black "micke12a"]
[Result "1-0"]
[WhiteElo "2553"]
[BlackElo "2342"]
[TimeControl "180+1"]
[EndTime "14:25:50 PST"]
[Termination "MaestroCheck won on time"]

1. e4 c5 2. Nc3 a6 3. g3 b5 4. Bg2 Bb7 5. Nh3 e6 6. d3 Nf6 7. O-O d5 8. exd5 Nxd5 9. Nxd5 Bxd5 10. Nf4 Bxg2 11. Kxg2 Nc6 12. Re1 Be7 13. c3 O-O 14.
Qf3 Qd7 15. Be3 Rfd8 16. Rad1 b4 17. Qe4 Rab8 18. Rd2 Bf6 19. Ne2 bxc3 20. bxc3 Qd5 21. Qxd5 Rxd5 22. c4 Rd7 23. Bxc5 Ne5 24. Red1 Rbd8 25.
Bb6 Rb8 26. Bd4 a5 27. Bxe5 Bxe5 28. d4 Bc7 29. d5 exd5 30. Rxd5 Rxd5 31. Rxd5 f6 32.
Nd4 Rb4 33. Rd7 Be5 34. Nf5 Rxc4 35. Rxg7+ Kf8 36. Rxh7 Ra4 37. Ra7 Rxa2 38. h4 a4 39. h5 a3 40. h6 1-0

[Event "Late-Titled-Tuesday-Blitz-February-20-2024"]
[Site "Chess.com"]
[Date "2024.02.20"]
[Round "3"]
[White "Muracle"]
[Black "jk13"]
[Result "1/2-1/2"]
[WhiteElo "2476"]
[BlackElo "2707"]
[TimeControl "180+1"]
[EndTime "14:25:52 PST"]
[Termination "Game drawn by repetition"]

1. Nf3 Nf6 2. b3 e6 3. Bb2 d5 4. e3 a5 5. a4 Be7 6. d3 O-O 7.
Be2 c6 8. Nbd2 Nbd7 9. O-O Bd6 10. c4 e5 11. e4 dxe4 12. Nxe4 Nxe4 13. dxe4 Qe7 14. Ne1 Nc5 15. Qc2 Be6 16. f3 Rae8 17. Rd1 Rd8 18. Nd3 Nxd3 19. Bxd3 Bc5+ 20. Kh1 Bd4 21.
Rd2 Bxb2 22. Qxb2 Rd4 23. Bb1 Rfd8 24. Rxd4 Rxd4 25. f4 f6 26. Qf2 h6 27. Qg3 Qd6 28.
fxe5 Qxe5 29. Qg6 Bf7 30. Qg4 Be6 31. Qg6 Rd2 32. h4 Bh3 33. Rg1 h5 34. c5 Bg4 35.
Rf1 Qg3 36. Qe8+ Kh7 37. e5+ f5 38. Bxf5+ Bxf5 39. Qxh5+ Kg8 40. Qe8+ Kh7 41. Qh5+ Kg8 42. Qe8+ Kh7 43. Qh5+ 1/2-1/2

[Event "Late-Titled-Tuesday-Blitz-February-20-2024"]
[Site "Chess.com"]
[Date "2024.02.20"]
[Round "3"]
[White "giomar27"]
[Black "Sanan_Sjugirov"]
[Result "0-1"]
[WhiteElo "2474"]
[BlackElo "2874"]
[TimeControl "180+1"]
[EndTime "14:25:53 PST"]
[Termination "Sanan_Sjugirov won on time"]

1. d4 Nf6 2. Nc3 d5 3. Bf4 Bf5 4. e3 c6 5. Bd3 e6 6. Bxf5 exf5 7. Nf3 Be7 8. O-O O-O 9. h3 Nbd7 10. Ne5 Re8 11.
Ne2 g6 12. Rc1 Nxe5 13. Bxe5 Ne4 14. c4 dxc4 15. Rxc4 Bd6 16. Bxd6 Nxd6 17. Rc1 Qe7 18. Qb3 Rad8 19. Nf4 Ne4 20. Rfd1 Nf6 21. Nd3 Nd5 22. Ne5 Rd6 23. Nc4 Re6 24. Na5 f4 25. Qxb7 Qg5 26. Nxc6 fxe3 27. Ne5 exf2+ 28. Kh1 Rxe5 29. dxe5 Ne3 30.
Rf1 Nf5 31. Qf3 Ng3+ 32. Kh2 Nxf1+ 33. Rxf1 Qxe5+ 34. Qg3 Qxb2 35. Qxf2 Qxf2 36. Rxf2 Re3 37. Rb2 Ra3 38. Kg1 h5 39. h4 Kg7 40. Kf2 Kf6 41.
Rc2 Ke5 42. Rc5+ Kd4 43. Rc7 Rxa2+ 44. Kf3 Ra3+ 45. Kf4 Ra1 46. Kg5 Rg1 0-1

[Event "Late-Titled-Tuesday-Blitz-February-20-2024"]
[Site "Chess.com"]
[Date "2024.02.20"]
[Round "3"]
[White "PacingRope"]
[Black "prime-morty"]
[Result "1-0"]
[WhiteElo "2906"]
[BlackElo "2564"]
[TimeControl "180+1"]
[EndTime "14:25:56 PST"]
[Termination "PacingRope won by resignation"]

1. e4 d5 2. exd5 Qxd5 3. Nc3 Qa5 4. d4 Nf6 5. Bc4 Bf5 6. Nf3 e6 7. Bd2 Bb4 8. a3 Bxc3 9. Bxc3 Qb6 10. O-O Nc6 11.
b4 Rd8 12. a4 a5 13. b5 Ne7 14.
Qe1 Ra8 15. Ne5 Ned5 16. Bxd5 Nxd5 17. Bb2 Bxc2 18. Qe2 Bf5 19. Ba3 Nb4 20. Rad1 O-O 21. Nd7 Qd6 22. Nxf8 Rxf8 23. Qe5 Rd8 24. Qxd6 Rxd6 25.
Rd2 c5 26. Rc1 b6 27. dxc5 Rxd2 28. cxb6 Rd8 29. b7 e5 30. Bxb4 axb4 31. g4 Be4 32. Rc8 1-0

[Event "Late-Titled-Tuesday-Blitz-February-20-2024"]
[Site "Chess.com"]
[Date "2024.02.20"]
[Round "3"]
[White "Andrei_Skvortsov"]
[Black "Slovineanu"]
[Result "1-0"]
[WhiteElo "2692"]
[BlackElo "2433"]
[TimeControl "180+1"]
[EndTime "14:25:57 PST"]
[Termination "Andrei_Skvortsov won by resignation"]

1. e4 e5 2. d4 exd4 3. Qxd4 Nc6 4. Qd3 Nf6 5. Nc3 Bb4 6. Bd2 O-O 7. O-O-O Re8 8. Nge2 Ne5 9. Qg3 Ng6 10. f3 a5 11. Bg5 a4 12. a3 Be7 13. h4 d6 14.
Qf2 Nh5 15. Bxe7 Qxe7 16. g3 b5 17. Nd4 b4 18. Nc6 Qf6 19. Nd5 Qe6 20. Nxc7 Qa2 21. Nxb4 Qa1+ 22. Kd2 Qxb2 23. Nxa8 Qxa3 24. Rb1 Ne5 25.
Be2 Ba6 26. Nxa6 Rxa8 27. Qe3 Qxe3+ 28. Kxe3 Nxg3 29. Rhg1 Nxe2 30. Kxe2 h5 31. Nc7 Rc8 32. Rb7 a3 33. Ra1 Nc4 34. Nd5 Kh7 35. Rc7 1-0

[Event "Late-Titled-Tuesday-Blitz-February-20-2024"]
[Site "Chess.com"]
[Date "2024.02.20"]
[Round "3"]
[White "MajorCoast"]
[Black "ExchangeAB"]
[Result "0-1"]
[WhiteElo "2210"]
[BlackElo "2453"]
[TimeControl "180+1"]
[EndTime "14:25:57 PST"]
[Termination "ExchangeAB won by checkmate"]

1. d4 d5 2. Bf4 Nf6 3. e3 c5 4.
c3 Nc6 5. Nd2 Bf5 6. Ngf3 e6 7.
Nh4 Bg4 8. Qb3 Qb6 9. h3 Bh5 10. g4 Bg6 11. Nxg6 hxg6 12. Bg2 Rc8 13. g5 Nd7 14. O-O Na5 15. Qxb6 axb6 16. Nb3 Nc4 17. Rfb1 Bd6 18. Bxd6 Nxd6 19. Nd2 Rh5 20. f4 Nf5 21. Kf2 Ke7 22. Nf3 Rhh8 23. a4 Ra8 24. b4 c4 25.
a5 b5 26. Ra2 Nd6 27. Ng1 Ra6 28. Re2 Rha8 29. e4 dxe4 30. Bxe4 Nxe4+ 31. Rxe4 Kd6 32. Nf3 b6 33. axb6 Nxb6 34. Ne5 R8a7 35. h4 Ra2+ 36.
Kg3 Nd5 37. Rc1 Rb2 38. Ree1 f6 39. Nxg6 Raa2 40. Nf8 Rg2+ 41. Kh3 Nxf4# 0-1

[Event "Late-Titled-Tuesday-Blitz-February-20-2024"]
[Site "Chess.com"]
[Date "2024.02.20"]
[Round "3"]
[White "platy3"]
[Black "karinachess1"]
[Result "1-0"]
[WhiteElo "2951"]
[BlackElo "2668"]
[TimeControl "180+1"]
[EndTime "14:25:58 PST"]
[Termination "platy3 won by resignation"]

1. e4 e5 2. Nf3 Nc6 3. Bc4 Nf6 4. d3 h6 5. O-O d6 6. a4 g5 7. c3 Bg7 8. Re1 g4 9. Nfd2 Qe7 10. Nf1 h5 11. Bg5 Be6 12. Ne3 O-O-O 13. a5 a6 14. Qa4 Nb8 15. Bh4 Qd7 16. Qb3 Nc6 17. Nd2 Ne7 18. d4 exd4 19. cxd4 d5 20. exd5 Nexd5 21. Rac1 Kb8 22. Bxa6 Nb6 23. Qd3 Qxd4 24. axb6 Qxb6 25. Qc3 bxa6 26. Bxf6 Bxf6 27. Qxf6 h4 28. Ndc4 Qb4 29.
Ne5 Ka8 30. Nc6 1-0

[Event "Late-Titled-Tuesday-Blitz-February-20-2024"]
[Site "Chess.com"]
[Date "2024.02.20"]
[Round "3"]
[White "winniethepooh04"]
[Black "David_George21"]
[Result "1/2-1/2"]
[WhiteElo "2556"]
[BlackElo "2381"]
[TimeControl "180+1"]
[EndTime "14:25:59 PST"]
[Termination "Game drawn by repetition"]

1. d4 Nf6 2. Nf3 e6 3. Bf4 c5 4. e3 Nc6 5. c3 d5 6. Nbd2 Bd6 7. Bg3 O-O 8. Bd3 h6 9. Qe2 Qe7 10. dxc5 Bxc5 11. e4 dxe4 12. Nxe4 Nxe4 13. Bxe4 f5 14. Bxc6 bxc6 15. Be5 a5 16. O-O Ba6 17. c4 Rfd8 18. Rad1 Rxd1 19. Rxd1 Rd8 20. b3 a4 21. h3 axb3 22.
axb3 Rxd1+ 23. Qxd1 Qa7 24. Qe2 Qb6 25. Ba1 Bc8 26.
Qe5 Bxf2+ 27. Kf1 Qa7 28. Qxg7+ Qxg7 29. Bxg7 Kxg7 30. Kxf2 Kf6 31. Ke3 e5 32. g3 Be6 33.
Ne1 h5 34. h4 e4 35. Nc2 c5 36. Na3 Ke5 37. Nb5 Bd7 38. Nc3 Bc6 39. Ne2 Be8 40.
Nf4 Bf7 41. Nh3 Be8 42. Ng5 Bg6 43. Nh3 Be8 44. Ng1 Bc6 45. Ne2 Be8 46. Nc3 Bc6 47. Ne2 1/2-1/2

[Event "Late-Titled-Tuesday-Blitz-February-20-2024"]
[Site "Chess.com"]
[Date "2024.02.20"]
[Round "3"]
[White "Mr_Heisenberg13"]
[Black "CRObliterator"]
[Result "1-0"]
[WhiteElo "2846"]
[BlackElo "2371"]
[TimeControl "180+1"]
[EndTime "14:26:01 PST"]
[Termination "Mr_Heisenberg13 won by resignation"]

1. e4 e5 2. Nf3 Nc6 3. Bc4 Bc5 4. c3 d6 5. d4 exd4 6. cxd4 Bb4+ 7. Nc3 Nf6 8. O-O Bxc3 9. bxc3 Nxe4 10. d5 Ne7 11.
Qd4 Nf6 12. Bg5 Ng6 13. Rfe1+ Kf8 14. Bb5 Bd7 15. Bxd7 Qxd7 16. Bxf6 gxf6 17. Qxf6 Re8 18. Ng5 Kg8 19. f4 h6 20. Ne6 Rh7 21. Re3 fxe6 22. Qxg6+ Rg7 23. dxe6 Qc6 24. Qe4 d5 25. Qf3 Rxe6 26.
Rd3 Re4 27. Rad1 Qb6+ 28. Kh1 c6 29. f5 Reg4 30. f6 R7g6 31. f7+ Kf8 32. Re3 Re4 33. Rxe4 dxe4 34. Qxe4 1-0

[Event "Late-Titled-Tuesday-Blitz-February-20-2024"]
[Site "Chess.com"]
[Date "2024.02.20"]
[Round "3"]
[White "Charodej1"]
[Black "flubs"]
[Result "0-1"]
[WhiteElo "2228"]
[BlackElo "2468"]
[TimeControl "180+1"]
[EndTime "14:26:01 PST"]
[Termination "flubs won by resignation"]

1. e4 c6 2. d4 d5 3. exd5 Qxd5 4. c4 Qd8 5. Nc3 Nf6 6. h3 Bf5 7. Nf3 e6 8. Be3 Nbd7 9. Be2 Bd6 10. O-O Qc7 11.
Re1 O-O 12. Rc1 Rfe8 13. d5 Rad8 14. dxc6 bxc6 15. Qa4 Nc5 16. Bxc5 Bxc5 17. b4 Bf8 18. Rcd1 a5 19. Rxd8 Rxd8 20. a3 Rb8 21. b5 Bc5 22.
bxc6 Rb6 23. Qxa5 Qxc6 24. Ne5 Qc8 25. Nb5 Ra6 26. Qc3 Ne4 27. Qb3 0-1

[Event "Late-Titled-Tuesday-Blitz-February-20-2024"]
[Site "Chess.com"]
[Date "2024.02.20"]
[Round "3"]
[White "Sanyura"]
[Black "Fandorine"]
[Result "1-0"]
[WhiteElo "2608"]
[BlackElo "2929"]
[TimeControl "180+1"]
[EndTime "14:26:04 PST"]
[Termination "Sanyura won by resignation"]

1. e4 e5 2. Nf3 Nc6 3. Bb5 a6 4. Ba4 Bc5 5. O-O Nge7 6. c3 Ba7 7. d4 Ng6 8. Bg5 f6 9. Be3 O-O 10. Re1 d6 11. Nbd2 Kh8 12. Nf1 Bd7 13. h3 exd4 14.
cxd4 d5 15. Bxc6 bxc6 16. e5 fxe5 17. Nxe5 Nxe5 18. dxe5 Bxe3 19. Rxe3 Be6 20. Qd4 Qg5 21. Rc1 Bxh3 22. Ng3 Rf4 23. Qd2 Be6 24. Rxc6 Qg4 25.
Ne2 d4 26. Rg3 Bd5 27. Nxf4 1-0

[Event "Late-Titled-Tuesday-Blitz-February-20-2024"]
[Site "Chess.com"]
[Date "2024.02.20"]
[Round "3"]
[White "semchik73"]
[Black "MessiKingdom"]
[Result "0-1"]
[WhiteElo "2416"]
[BlackElo "2616"]
[TimeControl "180+1"]
[EndTime "14:26:04 PST"]
[Termination "MessiKingdom won by resignation"]

1. Nf3 Nf6 2. c4 g6 3. d4 Bg7 4. Nc3 O-O 5. e4 d6 6. Be2 c5 7.
O-O Nc6 8. dxc5 dxc5 9. Be3 Nd7 10. Qd2 e5 11. Bh6 Nd4 12. Bxg7 Kxg7 13. Nxd4 exd4 14. Nd5 Nf6 15. Bd3 Be6 16. f4 Bxd5 17. cxd5 Re8 18.
Rae1 b5 19. Bxb5 Rxe4 20. Bc6 Rb8 21. Rc1 Qb6 22. b4 c4 23. b5 c3 24. Qd3 Re3 25.
Qc4 d3 26. Kh1 d2 27. Rxc3 Re1 28. Qd3 Qf2 0-1

[Event "Late-Titled-Tuesday-Blitz-February-20-2024"]
[Site "Chess.com"]
[Date "2024.02.20"]
[Round "3"]
[White "AlexOstrovskiy"]
[Black "Superfelix"]
[Result "0-1"]
[WhiteElo "2731"]
[BlackElo "2527"]
[TimeControl "180+1"]
[EndTime "14:26:08 PST"]
[Termination "Superfelix won by resignation"]

1. e4 c6 2. d4 g6 3. h4 h5 4. Bg5 Qb6 5. Nf3 Bg7 6. Nbd2 d5 7. a4 a5 8. exd5 cxd5 9. Bb5+ Bd7 10. Qe2 Nf6 11. Ne5 Bxb5 12. Qxb5+ Qxb5 13. axb5 Nbd7 14. Nxd7 Kxd7 15. f3 Rhc8 16. c3 Ne8 17. Bf4 a4 18. Ke2 a3 19. bxa3 Rxc3 20. Be3 Raxa3 21. Rxa3 Rxa3 22.
g4 Nf6 23. Rg1 Ra2 24. Kd3 Rb2 25. Bg5 Rxb5 26. Be3 Ra5 27. Rb1 Ra3+ 28. Ke2 hxg4 29. fxg4 Nxg4 30. Rxb7+ Kc6 31. Rxe7 Rxe3+ 32. Rxe3 Nxe3 33.
Kxe3 Bh6+ 34. Kd3 Bxd2 35. Kxd2 Kd6 36. Ke3 Ke6 37. Kf4 f6 38. Kg4 Kf7 39. Kf4 Kg7 40. Kg4 Kh6 0-1

[Event "Late-Titled-Tuesday-Blitz-February-20-2024"]
[Site "Chess.com"]
[Date "2024.02.20"]
[Round "3"]
[White "Iuckyducky"]
[Black "HalfIsCrayfish"]
[Result "0-1"]
[WhiteElo "2304"]
[BlackElo "2534"]
[TimeControl "180+1"]
[EndTime "14:26:08 PST"]
[Termination "HalfIsCrayfish won on time"]

1. e4 c6 2. d4 d5 3. e5 c5 4.
Nf3 cxd4 5. Qxd4 Nc6 6. Qf4 e6 7. Bd3 Nb4 8. O-O Bd7 9. Bd2 Nxd3 10. cxd3 Rc8 11. Nc3 Nh6 12. Rac1 Be7 13. h4 Nf5 14. h5 h6 15. g4 Nh4 16. Ne2 Rxc1 17. Rxc1 O-O 18. Nxh4 Bg5 19. Qb4 Bxh4 20. Qxb7 f6 21. Rc7 Rf7 22. Ba5 fxe5 23. Ng3 Qf6 24. Qb8+ Rf8 0-1

[Event "Late-Titled-Tuesday-Blitz-February-20-2024"]
[Site "Chess.com"]
[Date "2024.02.20"]
[Round "3"]
[White "Rutricks"]
[Black "DonJuan_34"]
[Result "1-0"]
[WhiteElo "2694"]
[BlackElo "2464"]
[TimeControl "180+1"]
[EndTime "14:26:09 PST"]
[Termination "Rutricks won by resignation"]

1. Nc3 e5 2. e4 Nc6 3. Bc4 Nf6 4.
d3 Na5 5. Nge2 Nxc4 6. dxc4 Bc5 7. h3 d6 8. Qd3 Be6 9. b3 h6 10. Be3 Bxe3 11. Qxe3 Qe7 12. O-O-O Nd7 13. f4 exf4 14.
Nxf4 Nf6 15. e5 dxe5 16. Qxe5 O-O 17. Kb2 c6 18. Rhe1 Rae8 19. Rd6 Nd7 20. Qd4 Qf6 21. Nxe6 Qxd4 22. Rxd4 Nf6 23. Nxf8 Rxe1 24. Nd7 Ne8 25. Nc5 Re7 26. Rd8 Kh7 27. Nxb7 f5 28. Na5 c5 29. Nc6 Re6 30. Nxa7 g5 31. a4 h5 32. Nd5 f4 33.
Rxe8 1-0

[Event "Late-Titled-Tuesday-Blitz-February-20-2024"]
[Site "Chess.com"]
[Date "2024.02.20"]
[Round "3"]
[White "Malev212"]
[Black "cukricek"]
[Result "1-0"]
[WhiteElo "2685"]
[BlackElo "2464"]
[TimeControl "180+1"]
[EndTime "14:26:09 PST"]
[Termination "Malev212 won on time"]

1. e4 c5 2. Nf3 g6 3. c4 Nc6 4. d4 cxd4 5. Nxd4 Nf6 6. Nc3 d6 7. f3 Nxd4 8. Qxd4 Bg7 9. Be3 O-O 10.
Qd2 a5 11. b3 a4 12. b4 a3 13. Rc1 Be6 14. Be2 Nd7 15. O-O Nb6 16. Nd5 Bxd5 17. exd5 Rc8 18. Rfd1 Nd7 19. c5 Bb2 20. Rc2 Nf6 21.
c6 Qc7 22. b5 b6 23. Rxb2 axb2 24. Qxb2 Ra8 25. Bc4 Ra4 26. Bb3 Rb4 27. a4 Ra8 28. Qc2 Rh4 29. Rd4 Rxd4 30. Bxd4 Qc8 31. Bxb6 Rb8 32.
Bd4 Qc7 33. Qc3 Ne8 34. Bc4 1-0

[Event "Late-Titled-Tuesday-Blitz-February-20-2024"]
[Site "Chess.com"]
[Date "2024.02.20"]
[Round "3"]
[White "harkow"]
[Black "ritanovikova"]
[Result "1-0"]
[WhiteElo "2435"]
[BlackElo "2196"]
[TimeControl "180+1"]
[EndTime "14:26:10 PST"]
[Termination "harkow won on time"]

1. d4 g6 2. c4 Bg7 3. Nc3 d6 4.
e4 Nf6 5. f4 O-O 6. Nf3 Bg4 7.
Be2 Nc6 8. d5 Bxf3 9. Bxf3 Na5 10. Qe2 c5 11. O-O a6 12. Bd2 Ne8 13. e5 Nc7 14. Ne4 Ne8 15. Bc3 b5 16. b3 bxc4 17.
bxc4 h6 18. Rae1 f5 19. exf6 Nxf6 20. Nd2 Re8 21. Bg4 Kh7 22. Be6 Qc7 23. Qd3 Rf8 24.
Nf3 Nh5 25. Bxg7 Kxg7 26. Nh4 Nxf4 27. Rxf4 Rxf4 28. Qxg6+ Kf8 29. Qxh6+ Ke8 30. Qxf4 Qb6 31. Qf7+ Kd8 32. Qf8+ Kc7 33. Qxa8 1-0

[Event "Late-Titled-Tuesday-Blitz-February-20-2024"]
[Site "Chess.com"]
[Date "2024.02.20"]
[Round "3"]
[White "Shankland"]
[Black "gahryman"]
[Result "0-1"]
[WhiteElo "2938"]
[BlackElo "2694"]
[TimeControl "180+1"]
[EndTime "14:26:12 PST"]
[Termination "gahryman won by checkmate"]

1. e4 c5 2. Nf3 Nc6 3. d4 cxd4 4. Nxd4 e5 5. Nb5 d6 6. N1c3 a6 7. Na3 Be7 8. Nc4 Nf6 9. g3 b5 10. Ne3 h5 11. Ncd5 h4 12. Bg2 h3 13. Bf3 Nd4 14. c3 Nxf3+ 15. Qxf3 Be6 16. a4 Nxd5 17. Nxd5 Bxd5 18. exd5 O-O 19. O-O Qd7 20. Bd2 bxa4 21. Qe4 Rfb8 22. Bc1 Rb3 23. Qxa4 Qb7 24. Rd1 Rb5 25.
Qe4 Rf8 26. c4 Rb4 27. Qg4 f5 28. Qxh3 Rxc4 29. Qh5 f4 30. Qg4 Rc2 31. Ra3 Bd8 32. gxf4 Bb6 33. Kh1 Rxf2 34. Rg1 Qxd5+ 35. Rg2 Rf1# 0-1

[Event "Late-Titled-Tuesday-Blitz-February-20-2024"]
[Site "Chess.com"]
[Date "2024.02.20"]
[Round "3"]
[White "ridnani1"]
[Black "JiiHart"]
[Result "1-0"]
[WhiteElo "2386"]
[BlackElo "2162"]
[TimeControl "180+1"]
[EndTime "14:26:12 PST"]
[Termination "ridnani1 won by resignation"]

1. e4 c5 2. Nf3 Nc6 3. b3 e5 4. Bb2 d6 5. c3 f5 6. Bd3 Nf6 7.
Qe2 fxe4 8. Bxe4 Nxe4 9. Qxe4 Be7 10. d4 O-O 11. dxc5 d5 12. Qe2 Bg4 13. Qb5 e4 14.
Nd4 e3 15. f3 Bh4+ 16. Ke2 Nxd4+ 17. cxd4 Qf6 18. Rf1 Bf2 19. fxg4 Qg5 20. h3 Bg3 21. Nc3 Rf2+ 22. Rxf2 exf2 23. Qd7 Rf8 24. Qxd5+ Qxd5 25. Nxd5 Re8+ 26. Ne3 Bf4 27. Kxf2 Bxe3+ 28. Kf3 1-0

[Event "Late-Titled-Tuesday-Blitz-February-20-2024"]
[Site "Chess.com"]
[Date "2024.02.20"]
[Round "3"]
[White "TigrVShlyape"]
[Black "ukchessbomber"]
[Result "1-0"]
[WhiteElo "2924"]
[BlackElo "2606"]
[TimeControl "180+1"]
[EndTime "14:26:13 PST"]
[Termination "TigrVShlyape won by resignation"]

1. d4 b6 2. Bf4 Bb7 3. e3 d6 4.
Nf3 Nd7 5. h3 g6 6. a4 a6 7. Bc4 Ngf6 8. Nbd2 Bg7 9. O-O O-O 10.
Re1 c5 11. c3 Qc7 12. Bd3 e5 13. dxe5 dxe5 14. Bh2 Rad8 15. Qe2 a5 16. Bb5 Nd5 17. Red1 Nb8 18. Nc4 f6 19. Rd2 Ne7 20. Rad1 Nbc6 21. Nd6 h6 22. e4 Nc8 23. Nxb7 Qxb7 24. Nh4 N8e7 25. Bg3 Rxd2 26. Rxd2 Rd8 27. Rxd8+ Nxd8 28. Be8 Kh7 29. Qg4 g5 30. Nf5 Ng8 31. Qh5 Kh8 32.
Qg6 Ne6 33. Nd6 Ne7 34. Nxb7 Nxg6 35. Bxg6 1-0

[Event "Late-Titled-Tuesday-Blitz-February-20-2024"]
[Site "Chess.com"]
[Date "2024.02.20"]
[Round "3"]
[White "igorknyazev"]
[Black "szachmistrz2500"]
[Result "0-1"]
[WhiteElo "2193"]
[BlackElo "2424"]
[TimeControl "180+1"]
[EndTime "14:26:13 PST"]
[Termination "szachmistrz2500 won by resignation"]

1. e4 c5 2. f4 Nc6 3. Nf3 g6 4. Bc4 Bg7 5. O-O e6 6. e5 Nge7 7. c3 d5 8. exd6 Qxd6 9. d3 O-O 10. Be3 b6 11. Ng5 Bb7 12. Qg4 Nf5 13. Bf2 Na5 14. Ne4 Qd7 15. Nbd2 Nxc4 16. dxc4 Qd3 17. Rfe1 Rfd8 18.
Rad1 Qc2 19. Qg5 Bxe4 20. Rxe4 Qxd1+ 21. Nf1 Qc2 22. Re1 Qxb2 23. h4 Qxc3 24. h5 Rd2 25. g4 Rxf2 26. Kxf2 Bd4+ 27. Ke2 Qxc4+ 28. Kf3 Qc3+ 29. Ke2 Ng3+ 30. Nxg3 Qe3+ 31. Kd1 Qxg3 32. Rxe6 Qd3+ 33. Ke1 fxe6 34. hxg6 Qxg6 35. Qe7 Qxg4 0-1

[Event "Late-Titled-Tuesday-Blitz-February-20-2024"]
[Site "Chess.com"]
[Date "2024.02.20"]
[Round "3"]
[White "reevecanada"]
[Black "cthulhuuu"]
[Result "1-0"]
[WhiteElo "2620"]
[BlackElo "2418"]
[TimeControl "180+1"]
[EndTime "14:26:14 PST"]
[Termination "reevecanada won on time"]

1. e4 d6 2. d4 Nf6 3. Nc3 c6 4.
Be3 b5 5. a3 e5 6. f3 Be7 7.
Nge2 O-O 8. Qd2 Nbd7 9. O-O-O a5 10. g4 Nb6 11. Ng3 b4 12. Nb1 exd4 13. Bxd4 c5 14. Be3 d5 15. g5 Nfd7 16. exd5 Ne5 17. d6 Nbc4 18. dxe7 Qxe7 19. Qf2 Bb7 20. Bxc5 Qxg5+ 21. f4 Qh6 22. Nf5 Qf6 23. Nxg7 1-0

[Event "Late-Titled-Tuesday-Blitz-February-20-2024"]
[Site "Chess.com"]
[Date "2024.02.20"]
[Round "3"]
[White "rdarruda"]
[Black "ChEsper99"]
[Result "1-0"]
[WhiteElo "2528"]
[BlackElo "2268"]
[TimeControl "180+1"]
[EndTime "14:26:16 PST"]
[Termination "rdarruda won by resignation"]

1. Nf3 c5 2. c4 g6 3. Nc3 Bg7 4. g3 e6 5. Bg2 Nc6 6. O-O Nge7 7. e3 O-O 8. d4 cxd4 9. Nxd4 b6 10. Ndb5 a6 11. Nd6 Nf5 12. Nxf5 gxf5 13. e4 fxe4 14. Nxe4 d5 15. cxd5 exd5 16. Bg5 f6 17. Nxf6+ Bxf6 18. Qxd5+ Kg7 19. Qxc6 Ra7 20. Bxf6+ Rxf6 21. Qc3 Rc7 22. Rad1 Rd7 23. Rxd7+ Bxd7 24. Rd1 Qe7 25. h4 Bb5 26. g4 Kg6 27. h5+ Kf7 28. Bd5+ Kf8 29. g5 Qg7 30. Qxf6+ Qxf6 31. gxf6 1-0

[Event "Late-Titled-Tuesday-Blitz-February-20-2024"]
[Site "Chess.com"]
[Date "2024.02.20"]
[Round "3"]
[White "MusicCityMaster"]
[Black "RichardShtivelband"]
[Result "1-0"]
[WhiteElo "2551"]
[BlackElo "2340"]
[TimeControl "180+1"]
[EndTime "14:26:17 PST"]
[Termination "MusicCityMaster won by resignation"]

1. d4 Nf6 2. c4 c6 3. Nf3 d5 4. e3 g6 5. h3 Bg7 6. Nbd2 O-O 7. Bd3 Nbd7 8. O-O b6 9. b3 a5 10.
Bb2 Bb7 11. Ne5 Nxe5 12. dxe5 Nd7 13. f4 e6 14. cxd5 cxd5 15. Rc1 Rc8 16. Ba3 Re8 17. Bb5 Bf8 18. Bxf8 Rxf8 19. Bxd7 Qxd7 20. Nf3 Ba6 21.
Rf2 Rxc1 22. Qxc1 Bd3 23. Nd4 Rc8 24. Qd1 Be4 25. Qg4 Rc1+ 26. Kh2 Qc8 27. Qg5 Re1 28. Nb5 h6 29. Qf6 Qc1 30. Nd6 Rh1+ 31. Kg3 Qxe3+ 32.
Rf3 Qe1+ 33. Rf2 Qc3+ 34. Kh4 Qc7 35. Nxe4 dxe4 36. Rd2 1-0

[Event "Late-Titled-Tuesday-Blitz-February-20-2024"]
[Site "Chess.com"]
[Date "2024.02.20"]
[Round "3"]
[White "akanga001"]
[Black "Tugrik1969"]
[Result "0-1"]
[WhiteElo "2019"]
[BlackElo "2382"]
[TimeControl "180+1"]
[EndTime "14:26:17 PST"]
[Termination "Tugrik1969 won by resignation"]

1. d4 Nf6 2. c4 e6 3. Nc3 c5 4. d5 d6 5. e4 g6 6. Nge2 Bg7 7.
Ng3 O-O 8. Be2 exd5 9. cxd5 h5 10. Bg5 Nbd7 11. Qd2 a6 12. a4 Qc7 13. Bh6 h4 14.
Bxg7 Kxg7 15. Nf5+ gxf5 16. Qg5+ Kh8 17. Qxh4+ Nh7 18.
exf5 Qd8 19. Qf4 Ne5 20. O-O-O Qg5 21. Qxg5 Nxg5 22. f4 b5 23. axb5 axb5 24. fxg5 Bxf5 25. Nxb5 c4 26. Nxd6 Bd3 27. Bh5 c3 28. bxc3 Ra2 29. Rxd3 Nxd3+ 30. Kb1 Rb2+ 0-1

[Event "Late-Titled-Tuesday-Blitz-February-20-2024"]
[Site "Chess.com"]
[Date "2024.02.20"]
[Round "3"]
[White "rionelG"]
[Black "Hananmo"]
[Result "0-1"]
[WhiteElo "2206"]
[BlackElo "2525"]
[TimeControl "180+1"]
[EndTime "14:26:18 PST"]
[Termination "Hananmo won on time"]

1. e4 c5 2. Nf3 e6 3. d4 cxd4 4.
Nxd4 a6 5. Bd3 Nc6 6. Be3 Nge7 7. c4 Nxd4 8. Bxd4 Nc6 9. Bc3 Bb4 10. O-O O-O 11.
a3 Bxc3 12. Nxc3 Qc7 13. b3 Ne5 14. Rc1 b6 15. Bb1 Bb7 16. f4 Ng6 17. e5 Rad8 18. Qe2 d6 19. exd6 Qxd6 20. Be4 Bxe4 21. Qxe4 Qxa3 22.
h4 Nxh4 23. Ne2 Qxb3 24. Rc3 Qb4 25. Rh3 Ng6 26. f5 exf5 27. Rxf5 Rfe8 28. Qb7 Qe7 29.
Qxb6 Qxe2 30. Rhf3 Nh4 31. Rf2 Qe1+ 32. Rf1 Qe3+ 33.
Qxe3 Rxe3 34. Rxf7 Rg3 35. Kh2 Rg6 0-1

[Event "Late-Titled-Tuesday-Blitz-February-20-2024"]
[Site "Chess.com"]
[Date "2024.02.20"]
[Round "3"]
[White "Fluffey"]
[Black "ArtemDyachuk"]
[Result "0-1"]
[WhiteElo "2417"]
[BlackElo "2656"]
[TimeControl "180+1"]
[EndTime "14:26:21 PST"]
[Termination "ArtemDyachuk won by resignation"]

1. d4 d5 2. Bf4 Nf6 3. e3 c5 4. Nf3 Nc6 5. Nbd2 g6 6. h3 Bg7 7. c3 O-O 8. Be2 Nd7 9. O-O e5 10. dxe5 Ndxe5 11. Nxe5 Nxe5 12. Nf3 Nc6 13. Qa4 h6 14.
Rfd1 Qb6 15. Qa3 Be6 16. Bd6 c4 17. Bxf8 Bxf8 18. Qa4 Qxb2 19. Rab1 Qxc3 20. Rxb7 Rc8 21. Rdb1 Bc5 22. Bf1 d4 23. exd4 Nxd4 24. Nxd4 Qxd4 25. R1b2 Rd8 26. Rc2 Qe4 27. Rxc4 Bxc4 28. Qxc4 Bxf2+ 29. Kxf2 Qxb7 30. Kg1 Rc8 31. Qa4 Qb6+ 32. Kh2 Qd6+ 33.
Kg1 Qc5+ 34. Kh2 Qe5+ 35. Kg1 Qe3+ 36. Kh2 Rc1 37. Bd3 Qe5+ 38. g3 Qb2+ 0-1

[Event "Late-Titled-Tuesday-Blitz-February-20-2024"]
[Site "Chess.com"]
[Date "2024.02.20"]
[Round "3"]
[White "AsaHoffmann"]
[Black "dennisodessa"]
[Result "1/2-1/2"]
[WhiteElo "2380"]
[BlackElo "2566"]
[TimeControl "180+1"]
[EndTime "14:26:21 PST"]
[Termination "Game drawn by stalemate"]

1. d4 e6 2. e4 d5 3. e5 c5 4. Nf3 cxd4 5. Qxd4 Nc6 6. Qf4 Nge7 7.
Bd3 Ng6 8. Qg3 Qc7 9. O-O Nb4 10. Nc3 Bd7 11. h4 Nxd3 12. cxd3 h6 13. Be3 Ne7 14.
Nd4 a6 15. Rac1 Nc6 16. Nxd5 exd5 17. e6 Qxg3 18. exd7+ Kxd7 19. fxg3 Nxd4 20. Bxd4 f6 21. Bc5 Rc8 22. Bxf8 Rhxf8 23. d4 Rc4 24. Rfd1 Rfc8 25.
Rxc4 dxc4 26. Kf2 Kd6 27. Ke3 Kd5 28. h5 Re8+ 29. Kf4 Re2 30. b3 cxb3 31. axb3 Rxg2 32.
Rc1 Rf2+ 33. Ke3 Rb2 34. Rc7 Rxb3+ 35. Kf4 Kxd4 36. Rd7+ Kc4 37. Rxg7 a5 38. Rc7+ Kd4 39. Rd7+ Kc4 40. Rc7+ Kd5 41. g4 a4 42. Kf5 a3 43. Rc1 Rf3+ 44. Kg6 Rf4 45. Ra1 Rxg4+ 46. Kxh6 Rg3 47. Kh7 b5 48. h6 b4 49. Kh8 Kc4 50.
h7 Kb3 51. Rxa3+ Kxa3 1/2-1/2